 Dungeon Crawl Stone Soup version 0.30-a0-4-ga7cffc901d (webtiles) character file.

Game seed: 18157853346536619417

2 Sweeb the Ducker (level 1, 0/16 HPs)
             Began as a Mummy Gladiator on Aug 21, 2022.
             Slain by a kobold
             ... wielding a +0 dagger
              (2 damage)
             ... on level 1 of the Dungeon.
             The game lasted 00:00:11 (35 turns).

Sweeb the Ducker (Mummy Gladiator)                    Turns: 35, Time: 00:00:11

Health: 0/16       AC:  4    Str: 17    XL:     1   Next: 25%
Magic:  1/1        EV: 12    Int:  7    God:
Gold:   0          SH:  0    Dex: 13    Spells: 0/0 levels left

rFire   x . .      SeeInvis .    a - +0 quarterstaff
rCold   + . .      Faith    .    (shield currently unavailable)
rNeg    + + +      Spirit   .    b - +0 leather armour
rPois   ∞          Reflect  .    c - +0 helmet
rElec   .          Harm     .    (no cloak)
rCorr   .          Rampage  .    (no gloves)
Will    .....                    (no boots)
Stlth   +.........               (no amulet)
HPRegen 0.05/turn                (no ring)
MPRegen 0.07/turn                (no ring)

@: no status effects
A: cold resistance 1, negative energy resistance 3, torment resistance 2, heat
vulnerability 1, no potions
a: no special abilities


You were on level 1 of the Dungeon.
You visited 1 branch of the dungeon, and saw 1 of its levels.

Inventory:

Hand Weapons
 a - a +0 quarterstaff (weapon)
Missiles
 d - 3 throwing nets (quivered)
 e - a javelin
Armour
 b - a +0 leather armour (worn)
 c - a +0 helmet (worn)
Scrolls
 f - a scroll of identify {unknown}


   Skills:
 + Level 2.0 Fighting
 * Level 2.4 Staves
 - Level 1.5 Throwing
 - Level 2.4 Dodging
 + Level 0.2 Spellcasting


You couldn't memorise any spells.
You didn't know any spells.
Your spell library was empty.

Dungeon Overview and Level Annotations

Branches:
Dungeon (1/15)

Altars:


Innate Abilities, Weirdness & Mutations

You are immune to poison.
Your flesh is cold resistant. (rC+)
You are immune to negative energy. (rN+++)
You are immune to unholy pain and torment.
You are vulnerable to heat. (rF-)
You do not drink.


Message History

A goblin and a kobold come into view.
Found a scroll labelled KUEMOTUUPE.
Found a stone staircase leading down.
The goblin shouts!
A kobold comes into view. It is wielding a +0 short sword.
Found a stone staircase leading down.
The kobold shouts! x2
The kobold moves out of view.
A quokka comes into view.
Found a glowing zirconium amulet.
Found a stone staircase leading down.
The kobold barely misses you. The goblin barely misses you.
The kobold hits you but does no damage.
You hit the kobold.
You kill the kobold!
The goblin barely misses you. The kobold hits you with a +0 dagger.
You hit the goblin but do no damage. The goblin misses you.
The kobold hits you with a +0 dagger. The goblin hits you but does no damage.
The kobold hits you with a +0 dagger. The quokka bites you.
You hit the goblin but do no damage. The quokka barely misses you.
The kobold hits you but does no damage. The goblin closely misses you.
You hit the goblin but do no damage. The quokka bites you.
The goblin hits you with a +0 dagger. The kobold hits you with a +0 dagger.
You are too injured to fight recklessly!
You are too injured to fight recklessly!
The quokka attacks as you move away! The quokka barely misses you.
The kobold attacks as you move away! The kobold hits you with a +0 dagger.
The quokka closely misses you. The goblin attacks as you move away!
The goblin hits you with a +0 dagger.
You barely miss the goblin. The goblin closely misses you.
You barely miss the goblin. The goblin hits you with a +0 dagger.
* * * LOW HITPOINT WARNING * * *
You closely miss the goblin. The goblin hits you but does no damage.
You sock the goblin!
You kill the goblin!
The kobold hits you with a +0 dagger.
* * * LOW HITPOINT WARNING * * *
You miss the kobold. The kobold barely misses you.
You barely miss the kobold. The kobold hits you with a +0 dagger.
* * * LOW HITPOINT WARNING * * *
You closely miss the kobold. The kobold hits you with a +0 dagger.
You die...

..# # >.. ##. .. .....
###.# ######### .....##
#... +≈~.P.#<#
"......##.. #.~P.~#.#
..........#####..~..#.#
..............#≈.....~#
.>.....#@####.#P.~~.~~#
......)#K## #.#..~~~≈~#
.#....r.# #.'..~≈~≈~#
............###########
##.......##.# #>.#.#...
.# #. #...... # ..
........ # ..#.......


You could see a quokka and a kobold.

Vanquished Creatures
  A goblin (D:1)
  A kobold (D:1)
2 creatures vanquished.

Notes
Turn   | Place    | Note
-------+----------+-------------------------------------------
     0 | D:1      | Sweeb the Mummy Gladiator began the quest for the Orb.
     0 | D:1      | Reached XP level 1. HP: 16/16 MP: 1/1
    35 | D:1      | Slain by a kobold

Illustrated notes

Levels and vault maps discovered:
D:1:      lightli_arrival_flooded_house, layout_rooms,
          shapermc_ecumenical_altar_petra, minmay_misc_feat_tower,
          minmay_gold_behind_fungi

Action                   || total
-------------------------++-------
Melee: Quarterstaff      ||    11
Armor: Leather armour    ||     4
Dodge: Dodged            ||    10

Table legend: (Time is in decaauts)
 A = Elapsed time spent in this place.
 B = Non-inter-level travel time spent in this place.
 C = Inter-level travel time spent in this place.
 D = Time resting spent in this place.
 E = Time spent auto-exploring this place.
 F = Levels seen in this place.
 G = Mean time per level.
                   A        B        C        D        E       F      G
               +--------+--------+--------+--------+--------+-----+--------+
         Total |     37 |     37 |      0 |      0 |     18 |   1 |   37.0 |
       Dungeon |     37 |     37 |      0 |      0 |     18 |   1 |   37.0 |
               +--------+--------+--------+--------+--------+-----+--------+

Top non-repeatable levels by time:
     D:1: 37 daAuts
